 Dungeon Crawl Stone Soup version 0.18-a0-1390-gc02854d (webtiles) character file.

3143 dvd the Thaumaturge (level 9, -4/47 HPs)
             Began as a Deep Elf Fire Elementalist on Feb 22, 2016.
             Was a Priest of Vehumet.
             Slain by a hill giant
             ... wielding a +0 giant club
              (27 damage)
             ... on level 8 of the Dungeon.
             The game lasted 00:42:18 (8142 turns).

dvd the Thaumaturge (Deep Elf Fire Elementalist)    Turns: 8142, Time: 00:42:20

Health: -4/47      AC:  9    Str:  5    XL:     9   Next: 61%
Magic:  15/24      EV: 15    Int: 28    God:    Vehumet [***...]
Gold:   477        SH:  0    Dex: 15    Spells: 5 memorised, 14 levels left

rFire  . . .     SeeInvis .     a - +3 quarterstaff (chaos)
rCold  + . .     Gourm    .     d - +2 leather armour {rC+}
rNeg   + . .     Faith    .     (shield currently unavailable)
rPois  +         Spirit   .     (no helmet)
rElec  .         Dismiss  .     r - +2 cloak
rCorr  .         Reflect  .     (no gloves)
SustAt .         Harm     .     D - +0 pair of boots
MR     .....                    B - amulet of regeneration
Stlth  ++........               h - ring "Umam" {rN+ Int+4}
                                I - ring of poison resistance

@: not resistant to hostile enchantments, unstealthy
A: no striking features
a: Renounce Religion


You were on level 8 of the Dungeon.
You worshipped Vehumet.
Vehumet was most pleased with you.
You were not hungry.

You visited 2 branches of the dungeon, and saw 9 of its levels.
You also visited: Sewer.

You collected 477 gold pieces.

Inventory:

Hand Weapons
 a - a +3 quarterstaff of chaos (weapon)
 e - a +1 flail of protection
Armour
 d - a +2 leather armour of cold resistance (worn)
 r - a +2 cloak (worn)
 D - a +0 pair of boots (worn)
 H - a +3 leather armour of magic resistance
 K - a +0 pair of gloves
Jewellery
 h - the ring "Umam" (right hand) {rN+ Int+4}
   (You found it on level 5 of the Dungeon)

   [ring of intelligence]

   It affects your intelligence (+4).
   It protects you from negative energy.
 o - a +3 amulet of reflection
 v - an uncursed ring of see invisible
 A - an uncursed ring of protection from cold
 B - an amulet of regeneration (around neck)
 F - the ring "Pefeym" {rCorr +Inv rN++ MP-9}
   (You found it on level 5 of the Dungeon)

   [ring of resist corrosion]

   It greatly protects you from negative energy.
   It affects your magic capacity (-9).
   It lets you turn invisible.
 I - a ring of poison resistance (left hand)
Wands
 s - a wand of lightning (12/15)
 u - a wand of disintegration (12/24)
Scrolls
 f - 3 scrolls of identify
 i - 3 scrolls of fear
 k - 2 scrolls of amnesia
 n - a scroll of recharging
 w - 5 scrolls of teleportation
 x - 6 scrolls of remove curse
 J - a scroll of enchant armour
 L - a scroll of blinking
Potions
 g - 2 potions of lignification
 l - 9 potions of flight
 p - 2 potions of brilliance
 t - a potion of haste
 z - a potion of mutation {unknown}
 E - 5 potions of curing
Books
 b - a book of Flames

   Spells                             Type                      Level
   a - Flame Tongue                   Conjuration/Fire             1
   b - Throw Flame                    Conjuration/Fire             2
   c - Conjure Flame                  Conjuration/Fire             3
   d - Inner Flame                    Hexes/Fire                   3
   e - Sticky Flame                   Conjuration/Fire             4
   f - Fireball                       Conjuration/Fire             5
 G - a book of Envenomations

   Spells                             Type                      Level
   a - Spider Form                    Transmutation/Poison         3
   b - Olgreb's Toxic Radiance        Poison                       4
   c - Alistair's Intoxication        Transmutation/Poison         5
   d - Poisonous Cloud                Conjuration/Poison/Air       6
Miscellaneous
 y - a legendary deck of wonders
Comestibles
 c - 8 bread rations
 j - a chunk of flesh
 m - 5 slices of pizza
 q - 4 beef jerkies
 C - a royal jelly


   Skills:
 + Level 1.4 Fighting
 + Level 2.8 Staves
 + Level 2.4 Armour
 + Level 6.6 Dodging
 - Level 2.4 Stealth
 + Level 9.7 Spellcasting
 + Level 7.0 Conjurations
 + Level 7.4 Fire Magic
 + Level 1.2 Poison Magic


You had 14 spell levels left.
You knew the following spells:

 Your Spells              Type           Power        Failure   Level  Hunger
a - Flame Tongue          Conj/Fire      #####        1%          1    None
b - Throw Flame           Conj/Fire      ######       1%          2    None
c - Sticky Flame          Conj/Fire      ######..     1%          4    None
d - Fireball              Conj/Fire      ######....   3%          5    ####...
e - Sting                 Conj/Pois      ####         1%          1    None


Dungeon Overview and Level Annotations

Branches:
Dungeon (8/15)             Temple (1/1) D:5            Lair (0/8) D:8

Altars:
Ashenzari
Cheibriados
Dithmenos
Elyvilon
Fedhas
Gozag
Kikubaaqudgha
Makhleb
Nemelex Xobeh
Okawaru
Pakellas
Qazlal
Ru
Sif Muna
Trog
Vehumet
Xom
Yredelemnul
Zin
The Shining One

Shops:
D:4 (   D:5 }   D:6 :   D:7 %


Message History

The hill giant is heavily wounded.
The hill giant is covered in liquid flames!
The hill giant burns!
The hill giant hits you with a giant club!!
Ouch! That really hurt!
The hill giant burns!
The hill giant burns!
The hill giant stops burning.
You see here a killer bee corpse.
Casting: Sticky Flame
Confirm with . or Enter, or press ? or * to list all spells.
Aiming: Sticky Flame
Press: ? - help, Shift-Dir - straight line, f/p - hill giant
Aim: a hill giant, wielding a giant club (severely wounded)
The sticky flame hits the hill giant.
The hill giant is severely wounded.
The hill giant is covered in liquid flames!
The hill giant burns!
The hill giant hits you with a giant club!!
Ouch! That really hurt!
You die...

.##.# ###.### .##.#
#.5...# .##.# ###
###.###.# .##.####
#.# #.....#.#
.#.....###.#
#..###..#
...........## #†.#
.... ÷.....P.....##
#.÷## ###
....P....P...# #C#.#
..........P..###@###
...P.P.....P..##.#
..P.P####.P.P....#
.P..)'..#..P...###
..P..#.>#...PP..
.P..†####..P.(###
PP....P..P..P.#
###############
#..P.P.....P.##
#..............
#P...P..P...P#
#.#############


You could see a hill giant (burning) and a crimson imp.

Vanquished Creatures
  A two-headed ogre (D:8)
  A spriggan (D:7)
  A hippogriff (D:8)
  Eustachio (D:5)
  A hungry ghost (D:7)
  Duvessa (D:6)
  An orc warrior (D:8)
  A sky beast (D:7)
  An ogre (D:7)
  A wasp (D:8)
  A phantom (D:4)
  A crocodile (D:8)
  2 giant frogs
  A gnoll sergeant (D:8)
  Dowan (D:6)
  4 scorpions
  5 killer bees (D:8)
  4 crimson imps
  A giant frog zombie (D:6)
  2 giant frog skeletons
  3 jellies
  Crazy Yiuf (D:5)
  2 orc priests
  2 orc wizards (D:7)
  2 hounds
  A siren (Sewer)
  A merfolk avatar (Sewer)
  3 worker ants
  A hound skeleton (D:5)
  9 gnolls
  A worker ant zombie (D:5)
  9 adders
  6 river rats
  2 oozes
  2 adder zombies
  2 worms
  8 giant geckos
  26 orcs
  9 ball pythons
  5 giant cockroaches
  11 goblins
  5 hobgoblins
  7 jackals
  4 kobolds
  3 quokkas
  A sheep (D:7)
  19 bats
  4 giant newts
  A quokka skeleton (D:7)
  43 rats
225 creatures vanquished.

Vanquished Creatures (others)
  11 fungi (D:8)
11 creatures vanquished.

Grand Total: 236 creatures vanquished

Notes
Turn   | Place    | Note
--------------------------------------------------------------
     0 | D:1      | dvd the Deep Elf Fire Elementalist began the quest for the Orb.
     0 | D:1      | Reached XP level 1. HP: 10/10 MP: 6/6
   185 | D:1      | Learned a level 1 spell: Flame Tongue
   340 | D:1      | Reached XP level 2. HP: 15/15 MP: 5/8
   414 | D:1      | Learned a level 2 spell: Throw Flame
  1345 | D:2      | Reached XP level 3. HP: 19/19 MP: 6/10
  1935 | D:3      | Reached XP level 4. HP: 20/24 MP: 0/11
  2022 | D:3      | Reached skill level 4 in Spellcasting
  2519 | D:3      | Learned a level 4 spell: Sticky Flame
  2628 | D:3      | Reached XP level 5. HP: 28/28 MP: 0/13
  3028 | D:4      | Reached skill level 5 in Spellcasting
  3141 | D:4      | Found a glowing drain.
  3145 | D:4      | Reached XP level 6. HP: 20/32 MP: 3/15
  3165 | Sewer    | Entered a sewer
  3206 | Sewer    | Reached skill level 5 in Fire Magic
  4237 | D:4      | Found Fuschopa's Weapon Shoppe.
  4294 | D:4      | Reached skill level 6 in Spellcasting
  4486 | D:5      | Entered Level 5 of the Dungeon
  4486 | D:5      | Found a shadowy altar of Dithmenos.
  4504 | D:5      | Reached XP level 7. HP: 35/37 MP: 7/18
  4650 | D:5      | Got a fine tin ring
  4651 | D:5      | Identified the ring "Pefeym" {rCorr +Inv rN++ MP-9} (You found it on level 5 of the Dungeon)
  4679 | D:5      | Found Cosoetui's Quality Used Wands.
  4744 | D:5      | Noticed Eustachio
  4750 | D:5      | Killed Eustachio
  4784 | D:5      | Got a steaming golden ring
  4785 | D:5      | Identified the ring "Umam" {rN+ Int+4} (You found it on level 5 of the Dungeon)
  4792 | D:5      | Learned a level 5 spell: Fireball
  4843 | D:5      | Reached skill level 5 in Conjurations
  5141 | D:5      | Found a staircase to the Ecumenical Temple.
  5145 | Temple   | Entered the Ecumenical Temple
  5195 | Temple   | Became a worshipper of Vehumet
  5335 | D:5      | Reached skill level 7 in Spellcasting
  5734 | D:5      | Noticed Crazy Yiuf
  5740 | D:5      | Killed Crazy Yiuf
  5843 | D:6      | Found Jity's Book Shoppe.
  6020 | D:6      | Reached XP level 8. HP: 42/42 MP: 11/21
  6021 | D:6      | Noticed Duvessa
  6029 | D:6      | Noticed Dowan
  6043 | D:6      | Killed Duvessa
  6045 | D:6      | Killed Dowan
  6045 | D:6      | Reached * piety under Vehumet
  6045 | D:6      | Offered knowledge of Sting by Vehumet.
  6045 | D:6      | Reached skill level 1 in Fighting
  6048 | D:6      | Learned a level 1 spell: Sting
  6277 | D:6      | Found a stormy altar of Qazlal.
  6277 | D:6      | Found a burning altar of Makhleb.
  6569 | D:7      | Reached skill level 1 in Staves
  6573 | D:7      | Reached skill level 1 in Armour
  6681 | D:7      | Found a shadowy altar of Dithmenos.
  6721 | D:7      | Reached skill level 8 in Spellcasting
  6958 | D:7      | Reached skill level 5 in Dodging
  7136 | D:7      | Found Jahaozuh's Food Emporium.
  7188 | D:7      | Found a shimmering altar of Xom.
  7340 | D:8      | Noticed a two-headed ogre
  7348 | D:8      | Killed a two-headed ogre
  7348 | D:8      | Reached skill level 9 in Spellcasting
  7348 | D:8      | Reached skill level 1 in Poison Magic
  7348 | D:8      | Reached XP level 9. HP: 32/47 MP: 17/24
  7455 | D:8      | Offered knowledge of Searing Ray by Vehumet.
  7471 | D:8      | Reached ** piety under Vehumet
  7727 | D:8      | Offered knowledge of Mephitic Cloud by Vehumet.
  7778 | D:8      | Found a staircase to the Lair.
  8007 | D:8      | Reached *** piety under Vehumet
  8121 | D:8      | Noticed a hill giant
  8142 | D:8      | Slain by a hill giant

Vault maps used:
D:1:      matt_arrival_refuge
D:4:      serial_shops, kennysheep_mini_moat, portal_sewer_entry_d,
          nicolae_ossuary_entry_ruins
D:5:      basic_altar, first_bread, nicolae_for_you_no_charge,
          uniq_crazy_yiuf_cottage, uniq_eustachio
D:6:      gammafunk_temple_overflow_elements, serial_shops,
          nicolae_shop_crystal, uniq_duvessa
D:7:      serial_shops, shop, basic_altar, the_bakery, dk_xom_monty_hall
D:8:      grunt_lair_entry_orc_guard_hut, grunt_ministairs_12,
          kennysheep_small_square
Temple:   grunt_circular_temple_18
Sewer:    sewer_sea

Skill      XL: |  1  2  3  4  5  6  7  8  9 |
---------------+----------------------------+-----
Fire Magic     | 4 5 6 7 |  7.4
Conjurations   | 2 3 4 5 6 7 |  7.0
Spellcasting   | 4 5 6 7 9 |  9.7
Dodging        | 3 4 5 6 |  6.6
Fighting       | 1 |  1.4
Staves         | 2 |  2.8
Armour         | 2 |  2.4
Poison Magic   | 1 |  1.2
Stealth        | |  2.4

Action                   |  1- 3 |  4- 6 |  7- 9 || total
-------------------------+-------+-------+-------++-------
Melee: Unarmed           |       |     5 |     1 ||     6
       Quarterstaff      |       |       |   175 ||   175
       Flail             |       |       |     4 ||     4
 Cast: Flame Tongue      |    49 |   105 |    45 ||   199
       Throw Flame       |    10 |    23 |    48 ||    81
       Sticky Flame      |       |    11 |    37 ||    48
       Sting             |       |       |    10 ||    10
       Fireball          |       |       |     2 ||     2
  Use: Scroll            |     3 |       |    10 ||    13
       Potion            |     1 |       |     7 ||     8
 Stab: Sleeping          |       |     1 |     1 ||     2
  Eat: Chunk             |     3 |    10 |    13 ||    26
       Royal jelly       |       |       |     1 ||     1
